 Dungeon Crawl Stone Soup version 0.23.2-1-ga50397a (webtiles) character file.

Game seed: 14154696711342326335

48913 hound the Cleaver (level 14, -4/162 HPs)
             Began as a Demonspawn Berserker on May 28, 2019.
             Was a High Priest of Trog.
             Slain by a tyrant leech (18 damage)
             ... while paralysed by a hornet
             ... on level 6 of the Lair of Beasts.
             The game lasted 00:45:12 (20266 turns).

hound the Cleaver (Demonspawn Berserker)           Turns: 20266, Time: 00:45:12

Health: -4/162     AC: 27    Str: 28    XL:     14   Next: 14%
Magic:  14/14      EV:  2    Int:  9    God:    Trog [*****.]
Gold:   978        SH:  0    Dex: 12    Spells: 13/13 levels left

rFire    . . .     SeeInvis .   a - +7 hand axe (protect)
rCold    + . .     Gourm    .   B - +0 shield
rNeg     . . .     Faith    .   I - +3 chain mail {rC+}
rPois    .         Spirit   .   R - +1 helmet
rElec    .         Reflect  +   r - +2 cloak
rCorr    .         Harm     .   (no gloves)
MR       ++++.     Clarity  +   (boots unavailable) Stlth ..........Rnd*Tele +
                                x - +4 amulet of reflection
HPRegen  1.37/turn              g - ring of protection from magic
MPRegen  0.14/turn              D - ring of teleportation (curse)

@: paralysed, berserking (expiring), lethally poisoned (-4 -> -4), protection
aura, regenerating, slowed
A: talons 3, repulsion field 2, clarity, demonic guardian 1, foul stench 1, rot
immunity, MP-powered wands
a: Berserk, Trog's Hand, Brothers in Arms, Renounce Religion


You were on level 6 of the Lair of Beasts.
You worshipped Trog.
Trog was extremely pleased with you.
You were not hungry.

You visited 2 branches of the dungeon, and saw 18 of its levels.

You collected 1275 gold pieces.
You spent 297 gold pieces at shops.

Inventory:

Hand Weapons
 a - a +7 hand axe of protection (weapon)
 b - a +3 scimitar of flaming
 G - a +2 spear of venom
 T - a +0 hand axe
Missiles
 n - 19 tomahawks (quivered)
 E - 9 throwing nets
 W - 6 javelins
Armour
 r - a +2 cloak (worn)
 v - a +1 scale mail of poison resistance
 B - a +0 shield (worn)
 I - a +3 chain mail of cold resistance (worn)
 R - a +1 helmet (worn)
 X - a +1 chain mail of cold resistance
Jewellery
 g - a ring of protection from magic (left hand)
 x - a +4 amulet of reflection (around neck)
 C - a +2 ring of evasion
 D - a cursed ring of teleportation (right hand)
 J - an uncursed ring of protection from cold
Wands
 d - a wand of random effects (27)
 i - a wand of iceblast (17)
 m - a wand of disintegration (7)
 o - a wand of scattershot (7)
 q - a wand of flame (14)
 y - a wand of paralysis (6)
 A - a wand of digging (5)
 F - a wand of acid (13)
 N - a wand of clouds (6)
 Q - a wand of enslavement (8)
 U - a wand of polymorph (10)
Scrolls
 h - 5 scrolls of teleportation
 j - 2 scrolls of fog
 s - a scroll of identify
 K - a scroll of blinking
 L - a scroll of summoning
 O - 2 scrolls of enchant weapon
 P - a scroll of magic mapping
 V - a scroll of vulnerability
Potions
 e - a potion of lignification
 f - 2 potions of magic
 k - 2 potions of brilliance
 l - a potion of cancellation
 p - 4 potions of heal wounds
 t - a potion of flight
 u - a potion of agility
 z - 4 potions of curing
 H - a potion of invisibility
 M - a potion of berserk rage
 S - a potion of haste
Comestibles
 c - 28 rations


   Skills:
 + Level 9.3 Fighting
 * Level 14.8 Axes
 + Level 9.8 Armour
 - Level 1.7 Dodging
 * Level 11.9 Shields


You had 13 spell levels left.
You didn't know any spells.
Your spell library was empty.

Dungeon Overview and Level Annotations

Branches:
Dungeon (12/15)            Temple (0/1) D:6            Lair (6/6) D:8
  Swamp (0/4) Lair:2        Snake (0/4) Lair:2        Slime (0/5) Lair:5
    Orc: D:9-12

Altars:
Ashenzari
Cheibriados
Dithmenos
Elyvilon
Fedhas
Kikubaaqudgha
Okawaru
Qazlal
Sif Muna
Trog
Uskayaw

Shops:
D:4 =   D:6 =   D:8 :

Annotations:
D:3 1 runed translucent door, d3adstar's ghost, amateur GrMo
D:7 2 transporters, Killmatronix's ghost, novice MiFE
D:11 exclusion: 2 downstairs, Borgoz's ghost, journeyman HaGl
D:12 Jorgrun
Lair:1 1 runed translucent door
Lair:2 1 runed translucent door, Tiareth's ghost, journeyman DEWz
Lair:4 Tallim's ghost, journeyman MiBe


Innate Abilities, Weirdness & Mutations

You have claws for feet.
You are surrounded by a moderate repulsion field. (EV +3)
A weak demonic guardian rushes to your aid.
You may emit foul miasma when damaged in melee.
You are immune to rotting.
You possess an exceptional clarity of mind.
You expend magic power (3 MP) to strengthen your wands.


Message History

* * * LOW HITPOINT WARNING * * *
The tyrant leech draws strength from your injuries!
The hornet stings you!
* * * LOW HITPOINT WARNING * * *
You feel as though you will be slow longer.
The torpor snail bites you but does no damage.
You feel sick.
The hornet stings you but does no damage.
Your white imp hits the torpor snail but does no damage.
The tyrant leech bites you but does no damage.
The torpor snail bites you!
* * * LOW HITPOINT WARNING * * *
You emit a cloud of foul miasma!
The hornet stings you.
* * * LOW HITPOINT WARNING * * *
You shrug off the repeated paralysis!
You feel sick.
The torpor snail bites you but does no damage.
The hornet stings you but does no damage.
The tyrant leech bites you!!
You die...

##### ###.P.###
####.
##.......######.....
##...###.....##....P
#...## ##.....#..#
.8##.# ###.....###
...### ###...5.###
#...# #.#.w@y..#
###..# ##.#.ww....#
# ..# ####.P...... #
#..# ...####.. #
.... ..#.# . ..#
..#.## .# # ..


You could see a tyrant leech, 2 torpor snails, a hornet and a friendly white
imp.

Vanquished Creatures
  Gastronok (Lair:1)
  Nessos (Lair:4)
  4 hydras
  Harold (D:9)
  Erica (D:9)
  The ghost of gohu the Unseen, a journeyman FeBe of Trog (Lair:5)
  12 death yaks
  Urug (Lair:4)
  3 lindwurms (Lair:6)
  4 deep elf magi (D:11)
  Pikel (D:4)
  An ugly thing (D:11)
  Joseph (Lair:1)
  4 black mambas
  2 elephants (Lair:3)
  12 spiny frogs
  3 torpor snails
  5 komodo dragons
  A polar bear (Lair:2)
  3 dream sheep (Lair:2)
  3 hornets (Lair:6)
  15 blink frogs
  4 hippogriffs
  A human (D:8)
  3 hogs (D:8)
  32 yaks
  2 basilisks
  A hungry ghost (D:9)
  7 porcupines
  Duvessa (D:4)
  9 water moccasins
  A swamp drake (Lair:2)
  4 sky beasts
  2 orc warriors (D:6)
  2 black bears
  A hornet zombie (D:10)
  3 ogres
  2 centaurs
  A phantom (D:8)
  5 wolves (Lair:2)
  9 crocodiles
  16 bullfrogs
  6 gnoll sergeants
  Dowan (D:4)
  3 scorpions
  9 killer bees (D:7)
  An electric eel (Lair:2)
  A howler monkey (D:6)
  4 crimson imps
  A bullfrog zombie (D:9)
  6 jellies
  A quasit (D:10)
  2 gnoll shamans (D:8)
  Crazy Yiuf (D:4)
  A centaur skeleton (D:6)
  11 hounds
  7 orc priests
  4 orc wizards
  A bullfrog skeleton (D:6)
  Ijyb (D:4)
  3 iguanas
  4 worker ants
  A hound skeleton (D:6)
  Robin (D:4)
  33 gnolls
  17 adders
  A shadow imp (D:6)
  2 oozes (Lair:5)
  2 adder skeletons
  A worm (D:3)
  3 leopard geckos
  47 orcs
  5 giant cockroaches
  16 goblins
  11 hobgoblins
  21 jackals
  6 kobolds
  6 quokkas
  A ball python (D:3)
  6 bats
  3 frilled lizards
  2 quokka skeletons
  8 rats
  A fungus (Lair:1)
448 creatures vanquished.

Vanquished Creatures (collateral kills)
  An ice dragon (Lair:6)
  A death yak (Lair:5)
  A two-headed ogre (D:8)
  5 deep elf magi (D:11)
  2 spiny frogs
  A komodo dragon (Lair:2)
  A rime drake (Lair:5)
  2 hippogriffs
  2 blink frogs
  A yak (D:8)
  A water moccasin (D:10)
  A porcupine (Lair:3)
  2 ogres
  A wolf (Lair:2)
  4 bullfrogs
  A killer bee (D:7)
  A bullfrog zombie (D:5)
  An orc wizard (D:7)
  2 hounds
  A gnoll (D:9)
  An ooze (Lair:5)
  5 orcs
38 creatures vanquished.

Vanquished Creatures (others)
  An ogre (D:4)
  A worker ant (D:4)
  An ooze (D:4)
  4 fungi
  6 plants
  7 toadstools (Lair:1)
  2 withered plants (D:11)
22 creatures vanquished.

Grand Total: 508 creatures vanquished

Notes
Turn   | Place    | Note
-------+----------+-------------------------------------------
     0 | D:1      | hound the Demonspawn Berserker began the quest for the Orb.
     0 | D:1      | Reached XP level 1. HP: 18/18 MP: 1/1
    31 | D:1      | Reached skill level 3 in Axes
    36 | D:1      | Gained mutation: You have sharp toenails. [demonic
                  | ancestry]
    36 | D:1      | Reached XP level 2. HP: 24/24 MP: 2/2
  1013 | D:2      | Reached XP level 3. HP: 15/29 MP: 3/3
  1016 | D:2      | Reached ** piety under Trog
  1016 | D:2      | Reached skill level 4 in Axes
  1875 | D:3      | Found a hide-covered altar of Uskayaw.
  1879 | D:3      | Noticed a +0 dagger
  1880 | D:3      | Noticed a +0 hand axe
  1897 | D:3      | Reached XP level 4. HP: 30/35 MP: 4/4
  1903 | D:3      | Reached skill level 5 in Axes
  2047 | D:3      | Found a shadowy altar of Dithmenos.
  2084 | D:3      | Gained mutation: A weak demonic guardian rushes to your
                  | aid. [demonic ancestry]
  2084 | D:3      | Reached XP level 5. HP: 29/41 MP: 5/5
  2642 | D:3      | Found an iron altar of Okawaru.
  2837 | D:3      | Found a runed translucent door.
  2837 | D:3      | Noticed d3adstar's ghost (amateur GrMo)
  3185 | D:4      | Noticed a slave
  3186 | D:4      | Noticed Pikel
  3188 | D:4      | Noticed a slave
  3190 | D:4      | Noticed a slave
  3194 | D:4      | Killed Pikel
  3194 | D:4      | Reached skill level 7 in Axes
  3194 | D:4      | Reached XP level 6. HP: 47/47 MP: 6/6
  3194 | D:4      | Gained mutation: You have razor-sharp toenails. [demonic
                  | ancestry]
  3194 | D:4      | Reached XP level 7. HP: 52/52 MP: 7/7
  3268 | D:4      | Noticed Robin
  3272 | D:4      | Reached *** piety under Trog
  3294 | D:4      | Killed Robin
  3301 | D:4      | Noticed Ijyb
  3336 | D:4      | Killed Ijyb
  3598 | D:4      | Found Tuopp's Jewellery Shop.
  3630 | D:4      | Reached skill level 8 in Axes
  3867 | D:4      | Found a snail-covered altar of Cheibriados.
  4005 | D:4      | Found a runed translucent door.
  4005 | D:4      | Noticed Duvessa
  4005 | D:4      | Noticed Dowan
  4022 | D:4      | Killed Duvessa
  4024 | D:4      | Killed Dowan
  4025 | D:4      | Noticed Crazy Yiuf
  4065 | D:4      | Killed Crazy Yiuf
  4183 | D:5      | Entered Level 5 of the Dungeon
  4237 | D:5      | Gained mutation: You have claws for feet. [demonic
                  | ancestry]
  4237 | D:5      | Reached XP level 8. HP: 58/58 MP: 8/8
  4314 | D:5      | Reached skill level 9 in Axes
  4706 | D:5      | Found a deep blue altar of Sif Muna.
  4918 | D:6      | Found a white marble altar of Elyvilon.
  5102 | D:6      | Found a staircase to the Ecumenical Temple.
  5129 | D:6      | Found a shattered altar of Ashenzari.
  5274 | D:6      | Found Neehiaci's Jewellery Emporium.
  5285 | D:6      | Reached **** piety under Trog
  5289 | D:6      | Reached skill level 10 in Axes
  5366 | D:6      | Bought a +4 amulet of reflection for 297 gold pieces
  5380 | D:6      | Found a bloodstained altar of Trog.
  5861 | D:7      | Paralysed by an orc wizard for 4 turns
  5927 | D:7      | Found a stormy altar of Qazlal.
  5932 | D:7      | Reached XP level 9. HP: 60/65 MP: 9/9
  6124 | D:7      | Found a transporter.
  6131 | D:7      | Found a transporter.
  6135 | D:7      | Noticed Killmatronix's ghost (novice MiFE)
  6910 | D:7      | Reached skill level 11 in Axes
  7464 | D:8      | Reached skill level 5 in Armour
  7468 | D:8      | Reached skill level 5 in Fighting
  7594 | D:8      | Noticed a two-headed ogre
  7648 | D:8      | Killed a two-headed ogre
  7648 | D:8      | Gained mutation: You are immune to rotting. [demonic
                  | ancestry]
  7648 | D:8      | Reached XP level 10. HP: 74/74 MP: 10/10
  7706 | D:8      | Found Haoshe's Book Boutique.
  8025 | D:8      | Found a staircase to the Lair.
  8096 | D:8      | Reached ***** piety under Trog
  8869 | D:8      | Received a gift from Trog
  8869 | D:8      | Reached skill level 1 in Shields
  9632 | D:9      | Noticed Harold
  9652 | D:9      | Killed Harold
  9747 | D:9      | Noticed Erica
  9761 | D:9      | Killed Erica
  9761 | D:9      | Reached skill level 5 in Shields
 10105 | D:9      | Found an ancient bone altar of Kikubaaqudgha.
 10106 | D:9      | Found a blossoming altar of Fedhas.
 10252 | D:10     | Entered Level 10 of the Dungeon
 10539 | D:10     | Gained mutation: You may emit foul miasma when damaged in
                  | melee. [demonic ancestry]
 10539 | D:10     | Reached XP level 11. HP: 83/83 MP: 11/11
 11150 | D:11     | Found a runed translucent door.
 11150 | D:11     | Noticed Borgoz's ghost (journeyman HaGl)
 11226 | D:11     | Noticed a brown ugly thing
 11233 | D:11     | Killed a brown ugly thing
 11233 | D:11     | Reached skill level 12 in Axes
 11321 | D:11     | Noticed a deep elf mage
 11322 | D:11     | Noticed a deep elf mage
 11322 | D:11     | Noticed a deep elf mage
 11322 | D:11     | Noticed a deep elf mage
 11330 | D:11     | Noticed a soul eater
 11330 | D:11     | Noticed a deep elf mage
 11330 | D:11     | Killed a deep elf mage
 11332 | D:11     | Killed a deep elf mage
 11334 | D:11     | Killed a deep elf mage
 11335 | D:11     | Noticed a deep elf mage
 11342 | D:11     | Killed a deep elf mage
 11342 | D:11     | Killed a deep elf mage
 11343 | D:11     | Noticed a deep elf mage
 11347 | D:11     | Killed a deep elf mage
 11348 | D:11     | Killed a deep elf mage
 11613 | D:11     | Noticed a deep elf mage
 11618 | D:11     | Killed a deep elf mage
 11618 | D:11     | Received a gift from Trog
 11723 | D:11     | Noticed a deep elf mage
 11729 | D:11     | Killed a deep elf mage
 12493 | D:11     | Gained mutation: You possess an exceptional clarity of
                  | mind. [potion of mutation]
 12493 | D:11     | Gained mutation: You expend magic power (3 MP) to
                  | strengthen your wands. [potion of mutation]
 12550 | D:12     | Noticed Jorgrun
 12552 | D:12     | Noticed a two-headed ogre
 12593 | D:12     | Noticed a two-headed ogre
 12682 | Lair:1   | Entered Level 1 of the Lair of Beasts
 12984 | Lair:1   | Noticed Joseph
 12995 | Lair:1   | Killed Joseph
 13009 | Lair:1   | Noticed Gastronok
 13023 | Lair:1   | Killed Gastronok
 13023 | Lair:1   | Reached XP level 12. HP: 54/91 MP: 4/12
 13500 | Lair:1   | Noticed a death yak
 13510 | Lair:1   | Killed a death yak
 13792 | Lair:1   | Noticed a catoblepas
 13813 | Lair:1   | Found a runed translucent door.
 14470 | Lair:2   | Reached skill level 13 in Axes
 14646 | Lair:2   | Found a runed translucent door.
 15012 | Lair:2   | Found a staircase to the Snake Pit.
 15309 | Lair:2   | Noticed a four-headed hydra
 15316 | Lair:2   | Killed a one-headed hydra
 15466 | Lair:2   | Found a staircase to the Swamp.
 15571 | Lair:2   | Noticed Tiareth's ghost (journeyman DEWz)
 15763 | Lair:3   | Reached skill level 10 in Shields
 15811 | Lair:3   | Noticed a five-headed hydra
 15818 | Lair:3   | Killed a one-headed hydra
 16096 | Lair:3   | Gained mutation: You are surrounded by a mild repulsion
                  | field. (EV +2) [demonic ancestry]
 16096 | Lair:3   | Reached XP level 13. HP: 98/98 MP: 13/13
 16725 | Lair:3   | Got a jewelled broad axe
 16726 | Lair:3   | Identified the cursed +0 broad axe of Deqokhlu {antimagic,
                  | rF+ MR+ Str-4 Dex+2} (You found it on level 3 of the Lair
                  | of Beasts)
 16935 | Lair:4   | Reached skill level 14 in Axes
 17100 | Lair:4   | Noticed Nessos
 17111 | Lair:4   | Killed Nessos
 17284 | Lair:4   | Noticed Urug
 17297 | Lair:4   | Killed Urug
 19015 | Lair:5   | Found a staircase to the Slime Pits.
 19107 | Lair:5   | Gained mutation: You are surrounded by a moderate repulsion
                  | field. (EV +3) [demonic ancestry]
 19107 | Lair:5   | Reached XP level 14. HP: 102/108 MP: 14/14
 19259 | Lair:5   | Found a runed translucent gate.
 19259 | Lair:5   | Found a runed translucent gate.
 19259 | Lair:5   | Found a runed translucent gate.
 19262 | Lair:5   | Noticed gohu's ghost (journeyman FeBe)
 19262 | Lair:5   | Noticed Tallim's ghost (journeyman MiBe)
 19519 | Lair:5   | Killed gohu's ghost
 19833 | Lair:5   | Got a coiled emerald amulet
 19834 | Lair:5   | Identified the amulet "Yppimeog" {Regen+ Int+3} (You found
                  | it on level 5 of the Lair of Beasts)
 19889 | Lair:6   | Entered Level 6 of the Lair of Beasts
 20171 | Lair:6   | Found a runed translucent door.
 20263 | Lair:6   | Paralysed by a hornet for 3 turns
 20266 | Lair:6   | Slain by a tyrant leech

Skill      XL: |  1  2  3  4  5  6  7  8  9 10 11 12 13 |
---------------+----------------------------------------+-----
Axes           | 3 4 5 7 8 10 11 12 13 14 | 14.8
Armour         | 2 5 6 8 9 |  9.8
Fighting       | 5 6 7 8 9 |  9.3
Shields        | 5 8 10 11 | 11.9
Dodging        | |  1.7

Action                   |  1- 3 |  4- 6 |  7- 9 | 10-12 | 13-15 || total
-------------------------+-------+-------+-------+-------+-------++-------
Melee: Hand axe          |    92 |   124 |   448 |   468 |   366 ||  1498
       Kick              |    18 |    33 |   126 |   260 |   125 ||   562
       Spear             |       |       |       |   393 |       ||   393
       Scimitar          |       |       |       |    10 |     5 ||    15
Throw: Tomahawk          |       |       |     2 |       |       ||     2
Invok: Berserk           |     1 |     2 |     7 |    12 |     6 ||    28
       Trog's Hand       |       |     1 |     5 |     6 |     4 ||    16
       Brothers in Arms  |       |       |       |     2 |     2 ||     4
Evoke: Wand              |       |       |       |       |     2 ||     2
  Use: Scroll            |     1 |     4 |    10 |    15 |     5 ||    35
       Potion            |       |       |       |     2 |       ||     2
 Stab: Sleeping          |     1 |       |       |       |       ||     1
       Distracted        |       |       |     1 |     7 |     2 ||    10
       Held in net/web   |       |       |       |     1 |       ||     1
       Paralysed         |       |       |       |       |     4 ||     4
  Eat: Chunk             |     2 |     4 |    19 |    33 |    11 ||    69
       Ration            |       |     1 |     1 |     3 |     3 ||     8
Armor: Animal skin       |    25 |     3 |       |       |       ||    28
       Ring mail         |       |    32 |   104 |    61 |       ||   197
       Scale mail        |       |     4 |    17 |    29 |       ||    50
       Chain mail        |       |       |       |   122 |    88 ||   210
Dodge: Dodged            |    62 |    73 |   205 |   182 |    74 ||   596
Block: Other             |       |       |    30 |     3 |       ||    33
       Shield            |       |       |       |   391 |   183 ||   574
       Reflection        |       |       |       |    15 |     5 ||    20
       Rpst.: Scimitar   |       |       |       |       |     1 ||     1
